Map: Orbital Shipyard

Players

MorN - Winner!

  • Race: Terran Terran
  • League: Platinum

vuhoan

  • Race: Zerg Zerg
  • League: Diamond

VOD

Have the link to the VOD?

Description

Time

  • Played on: Nov. 17, 2015, 1:52 a.m.
  • Length: 12:17
Show
View Real Time Build Order
Export as new Build Order

MorN Terran - Winner!

Build Orders: Liberator Opening, Reaper Expand, MMM Bio 

Get SALT Encoding   

  12  0:00  SCV  
  13  0:13  SCV  
  14  0:17  Supply Depot  
  14  0:25  SCV  
  15  0:39  SCV  
  15  0:41  Barracks  
  16  0:45  Refinery  
  16  0:51  SCV  
  17  1:03  SCV  
  18  1:16  SCV  
  19  1:28  Orbital Command  
  19  1:29  Reaper  
  20  1:42  Command Center  
  20  1:52  Supply Depot  
  20  1:55  SCV  
  20  2:01  Reaper  
  22  2:07  SCV  
  23  2:20  SCV  
  24  2:26  Factory  
  24  2:48  SCV  
  24  2:50  Barracks Reactor  
  24  2:53  Refinery  
  24  2:56  Orbital Command  
  24  2:57  Command Center  
  24  3:00  SCV  
  25  3:12  SCV  
  26  3:23  Starport  
  26  3:24  SCV  
  27  3:28  SCV  
  27  3:33  Hellion x2  
  32  3:35  Barracks Tech Lab  
  32  3:43  SCV x2  
  32  3:45  Liberator  
  34  3:54  Hellion  
  34  3:55  SCV x2, Hellion  
  39  4:03  Marine  
  39  4:07  SCV x2  
  45  4:13  Orbital Command  
  45  4:16  Hellion x2, Stimpack  
  49  4:19  SCV  
  49  4:20  SCV  
  49  4:21  Marine  
  52  4:31  SCV, Liberator  
  52  4:34  Engineering Bay  
  52  4:35  Refinery, Engineering Bay  
  52  4:36  Refinery  
  52  4:37  Hellion  
  55  4:45  SCV  
  56  4:52  SCV x2  
  61  5:05  Supply Depot, Factory Reactor  
  61  5:06  Barracks  
  61  5:07  Supply Depot, Barracks  
  61  5:20  Terran Infantry Weapons Level 1, Terran Infantry Armor Level 1  
  61  5:27  SCV x3  
  64  5:39  SCV  
  64  5:42  Marauder  
  65  5:43  Starport Reactor  
  65  5:46  Supply Depot  
  63  5:54  Factory Reactor  
  63  6:02  SCV  
  64  6:05  Supply Depot x3, Barracks  
  64  6:08  Barracks  
  64  6:11  Marine x3  
  64  6:12  Marine x2  
  64  6:14  SCV x2  
  64  6:18  Supply Depot  
  71  6:23  SCV  
  70  6:25  Medivac  
  70  6:26  Combat Shields, SCV x2, Medivac  
  70  6:29  Marine x2  
  72  6:34  Orbital Command  
  72  6:35  SCV  
  70  6:40  Marine x3  
  70  6:41  Widow Mine  
  70  6:42  Widow Mine  
  77  6:47  Marine x2  
  77  6:52  SCV  
  77  6:54  Armory  
  80  6:59  Marine x2  
  80  7:00  Barracks Reactor  
  82  7:01  Barracks Reactor  
  82  7:09  SCV  
  84  7:15  SCV x2  
  84  7:17  Supply Depot  
  84  7:18  Marine x3  
  84  7:19  Marine x2  
  84  7:22  Supply Depot  
  90  7:23  Medivac x2  
  90  7:24  SCV  
  90  7:26  Supply Depot  
  90  7:27  Supply Depot  
  90  7:28  Widow Mine x2  
  99  7:36  Marine x2  
  101  7:41  Marine x4  
  101  7:42  Marine x2  
  107  7:46  Terran Infantry Weapons Level 2, Terran Infantry Armor Level 2  
  107  7:47  SCV  
  107  7:48  Barracks x2  
  107  7:50  Refinery x2, Barracks  
  105  7:56  Marine x2  
  94  8:00  Marine x2  
  94  8:01  Marine  
  97  8:05  SCV  
  97  8:06  SCV x2  
  97  8:07  Factory  
  97  8:09  Missile Turret  
  97  8:11  Missile Turret  
  100  8:12  Liberator  
  100  8:18  SCV x3  
  103  8:22  Marine x7  
  103  8:23  Marine  
  111  8:30  SCV x3, Widow Mine x2  
  121  8:38  Barracks Reactor, Barracks Tech Lab x2  
  121  8:42  SCV x3, Marine  
  121  8:43  Marine x6  
  131  8:50  Supply Depot  
  131  8:52  Factory Tech Lab  
  131  8:53  Marine x2  
  131  8:54  SCV x3  
  136  9:01  Command Center, Liberator, Marauder, Marine x3  
  141  9:03  Medivac  
  141  9:06  SCV  
  144  9:15  Marauder, Marine x2  
  144  9:16  Liberator  
  148  9:22  Marine  
  148  9:23  Marauder, Marine  
  151  9:34  Marine x2  
  151  9:35  Marine x3  
  157  9:47  Marine  
  157  9:48  Marine x2  
  157  9:50  Marine x2  
  157  9:54  Supply Depot  
  157  9:55  Supply Depot  
  157  9:56  Marine x8  
  157  9:57  Supply Depot  
  165  10:01  Widow Mine x2  
  165  10:03  Medivac  
  165  10:04  Marine  
  172  10:12  Thor  
  178  10:16  Medivac  
  176  10:29  Marine x2, Widow Mine x2  
  176  10:30  Marauder  
  176  10:33  Medivac  
  177  10:37  Marine  
  177  10:38  Marauder, Marine x6  
  177  10:39  Marauder  
  176  10:44  Marine  
  176  10:46  Medivac  
  176  10:47  Marine  
  177  10:51  Marauder  
  177  10:55  Siege Tank  
  177  10:56  Marine  
  175  10:58  Widow Mine x2  
  175  10:59  Marine x2  
  175  11:00  Marauder x2  
  175  11:05  Marine  
  175  11:06  Marine x3  
  178  11:13  Marauder  
  180  11:19  Reaper, Marine  
  180  11:21  Marauder, Marine  
  185  11:26  Widow Mine  
  187  11:36  Marine x4  
  187  11:37  Marine, Marauder  
  187  11:38  Marine, Marauder  
  194  11:57  Marine x2  
  194  11:58  Marine x3  
Show
View Real Time Build Order
Export as new Build Order

vuhoan Zerg 

Build Orders: Hatch First 

Get SALT Encoding   

  12  0:02  Drone  
  13  0:08  Drone  
  14  0:18  Overlord  
  14  0:25  Drone, Extractor  
  14  0:30  Drone, Extractor  
  16  0:37  Drone  
  17  0:56  Hatchery  
  16  0:57  Drone  
  16  0:58  Drone  
  18  1:14  Spawning Pool  
  17  1:19  Drone  
  17  1:25  Extractor  
  17  1:26  Drone  
  18  1:43  Hatchery  
  17  1:48  Drone x2  
  17  1:53  Drone  
  20  2:04  Queen  
  22  2:12  Queen  
  24  2:21  Drone x2  
  26  2:25  Zergling x2  
  25  2:51  Metabolic Boost  
  25  2:53  Drone x3  
  25  2:55  Overlord  
  28  3:03  Queen  
  30  3:17  Drone x3  
  33  3:27  Drone x4  
  33  3:28  Drone x3  
  40  3:34  Overlord  
  40  3:53  Drone  
  40  3:54  Drone x7  
  48  4:00  Overlord  
  48  4:01  Drone  
  49  4:09  Overlord  
  49  4:10  Drone  
  50  4:18  Queen  
  52  4:29  Zergling x4  
  52  4:30  Zergling x4  
  55  4:36  Overlord  
  55  4:37  Drone x9  
  64  4:40  Evolution Chamber  
  64  4:42  Evolution Chamber  
  61  4:50  Overlord  
  61  4:51  Extractor  
  60  4:52  Hatchery  
  60  4:53  Queen  
  60  4:57  Drone x5  
  66  5:05  Overlord  
  66  5:07  Zerg Ground Armor Level 1  
  66  5:09  Drone  
  66  5:10  Drone x2  
  69  5:20  Zergling x2  
  69  5:21  Zergling x6  
  71  5:23  Zerg Melee Weapons Level 1  
  71  5:25  Queen  
  73  5:29  Zergling x4  
  73  5:32  Drone x5  
  71  5:45  Spore Crawler  
  71  5:49  Spore Crawler  
  69  5:53  Overlord  
  69  5:58  Spore Crawler  
  69  6:03  Overlord, Extractor  
  67  6:04  Spore Crawler  
  67  6:08  Zergling x4  
  67  6:09  Zergling x6  
  67  6:11  Drone x2  
  73  6:24  Drone  
  73  6:25  Drone x3  
  69  6:33  Drone x4  
  69  6:34  Drone  
  74  6:40  Overlord  
  74  6:41  Overlord  
  74  6:43  Lair  
  74  6:46  Extractor x2  
  72  6:59  Zergling x2, Extractor  
  72  7:00  Zergling x18  
  79  7:08  Overlord  
  79  7:13  Drone  
  79  7:14  Drone x10  
  90  7:16  Queen  
  90  7:21  Overlord  
  92  7:30  Overlord  
  92  7:33  Drone x3  
  92  7:34  Drone x3  
  98  7:43  Zerg Ground Armor Level 2, Zerg Melee Weapons Level 2  
  98  7:46  Drone  
  98  7:47  Drone, Baneling Nest  
  78  7:58  Zergling x2  
  78  7:59  Zergling x26  
  92  8:07  Drone x2  
  92  8:10  Spire  
  93  8:15  Overseer  
  93  8:18  Zergling x20  
  103  8:29  Overseer  
  103  8:32  Overlord  
  103  8:34  Baneling x2  
  103  8:35  Baneling x2  
  103  8:45  Hatchery  
  103  8:47  Overlord x5  
  102  8:49  Pneumatized Carapace  
  102  8:50  Zergling x2  
  102  8:51  Zergling x18  
  111  9:03  Zergling x6  
  111  9:04  Zergling x18  
  119  9:10  Hatchery  
  119  9:12  Baneling  
  119  9:13  Baneling x18  
  108  9:33  Corruptor x6  
  100  9:53  Zergling x2  
  100  9:54  Zergling x30  
  100  9:56  Baneling  
  100  9:57  Baneling x6  
  100  9:58  Overseer  
  115  10:00  Queen  
  115  10:06  Drone x5  
  122  10:13  Centrifical Hooks  
  106  10:38  Zergling x30  
  106  10:39  Zergling x14  
  116  10:43  Baneling  
  116  10:44  Corruptor  
  108  11:03  Drone, Zergling x2  
  108  11:04  Zergling x10  
  106  11:07  Corruptor  
  106  11:08  Corruptor x5  
  117  11:28  Baneling  
  117  11:29  Baneling x20  
  117  11:31  Hatchery  
  116  11:37  Zergling x20  
  116  11:38  Zergling x8  
  127  11:50  Zergling x10  
Tags
 
Add a new tag
Caveats
  • Supply blocks, unpowered buildings, or Contaminate may cause inaccurate times.
  • Supply counts are checked every 10 seconds.